 Dungeon Crawl Stone Soup version 0.25.1-1-g288607f5aa (webtiles) character file.

Game seed: 14475220378283136941

930 Delamore the Basher (level 8, -2/46 HPs)
             Began as a Gargoyle Fighter on July 25, 2020.
             Slain by Menkaure (15 damage)
             ... on level 5 of the Dungeon.
             The game lasted 00:03:57 (4450 turns).

Delamore the Basher (Gargoyle Fighter)              Turns: 4450, Time: 00:03:58

Health: -2/46      AC: 17    Str: 23    XL:     8   Next: 11%
Magic:  8/8        EV:  5    Int:  8    God:
Gold:   188        SH:  9    Dex:  9    Spells: 7/7 levels left

rFire    . . .     SeeInvis .   p - +4 mace
rCold    . . .     Gourm    .   c - +0 kite shield
rNeg     + . .     Faith    .   m - +0 chain mail
rPois    ∞         Spirit   .   (no helmet)
rElec    +         Reflect  .   u - +0 cloak
rCorr    .         Harm     .   (no gloves)
MR       .....                  j - +0 pair of boots
Stlth    ..........             (no amulet)
HPRegen  0.15/turn              (no ring)
MPRegen  0.11/turn              (no ring)

@: no status effects
A: negative energy resistance 1, electricity resistance, unbreathing,
petrification resistance, rot immunity, AC +5
a: no special abilities


You were on level 5 of the Dungeon.
You were very hungry.

You visited 1 branch of the dungeon, and saw 5 of its levels.

You collected 188 gold pieces.

Inventory:

Hand Weapons
 a - a +0 flail
 p - a +4 mace (weapon)
Missiles
 o - a throwing net (quivered)
Armour
 b - a +0 scale mail
 c - a +0 kite shield (worn)
 j - a +0 pair of boots (worn)
 m - a +0 chain mail (worn)
 u - a +0 cloak (worn)
Scrolls
 g - 5 scrolls of teleportation {unknown}
 h - 3 scrolls of identify {unknown}
 k - a scroll of fog {unknown}
 l - 2 scrolls of magic mapping {unknown}
 n - a scroll of amnesia {unknown}
 q - a scroll of noise {unknown}
 r - a scroll of remove curse
Potions
 d - 3 potions of might
 e - 2 potions of brilliance {unknown}
 i - a potion of stabbing {unknown}
 s - a potion of ambrosia {unknown}
 t - a potion of flight {unknown}
 v - 2 potions of lignification {unknown}
Comestibles
 f - 8 rations


   Skills:
 - Level 3.2 Fighting
 + Level 9.3 Maces & Flails
 - Level 3.2 Armour
 - Level 3.2 Shields


You had 7 spell levels left.
You didn't know any spells.
Your spell library contained the following spells:

 Spells                   Type           Power        Failure   Level  Hunger
 Beastly Appendage        Tmut           #.....       100%        1    ##.....
 Sticks to Snakes         Tmut           #.......     100%        2    ###....
 Spider Form              Tmut/Pois      #.........   100%        3    ####...
 Ice Form                 Ice/Tmut       #.......     100%        4    #####..
 Blade Hands              Tmut           #.........   100%        5    ######.


Dungeon Overview and Level Annotations

Branches:
Dungeon (5/15)
 Temple: D:4-7

Altars:
Gozag
Hepliaklqana
Ru
Yredelemnul

Annotations:
D:5 Menkaure


Innate Abilities, Weirdness & Mutations

You are resistant to torment.
Your stone body is resilient. (AC +5)
You are immune to poison.
You resist negative energy. (rN+)
You are resistant to electric shocks. (rElec)
You can survive without breathing.
You are immune to petrification.
You are immune to rotting.


Message History

The boomerang hits you but does no damage.
The weapon returns to the orc!
Menkaure hits you but does no damage. The orc hits you but does no damage.
Items here: )) [[ a +2 whip of electrocution; a +0 leather armour; a +0 dagger; a +0 robe You barely miss Menkaure.
You block the orc's attack. Menkaure hits you!
You sock Menkaure!
Menkaure is moderately damaged.
You block the orc's attack. Menkaure hits you!
* * * LOW HITPOINT WARNING * * *
You hit Menkaure.
Menkaure is heavily damaged.
The orc hits you but does no damage. You block Menkaure's attack.
You sock Menkaure!
Menkaure is severely damaged.
You block the orc's attack.
You hit Menkaure.
Menkaure is almost destroyed.
Menkaure hits you!
You die...

)#.......# #####
.#....##.# ##...##
#......#.####.###.#
.##..oM.........#.#
.##.#..#.####.#.#.#
....#..#.# ##...##
.........# #...#
.#####.### #.oM# .
...# ###@# # #####
#######.# #....<..#
#.#####.# ..# #.#
#.# ..# ###


You could see Menkaure and an orc.

Vanquished Creatures
  A human (D:4)
  A phantom (D:5)
  A bullfrog (D:4)
  2 scorpions (D:4)
  3 hounds (D:4)
  3 jellies (D:4)
  2 orc priests
  A bullfrog skeleton (D:4)
  An iguana (D:4)
  An orc wizard (D:5)
  A worker ant (D:4)
  6 adders
  9 oozes
  An adder skeleton (D:4)
  3 worms
  4 dart slugs
  2 leopard geckos (D:4)
  9 orcs
  11 bats
  5 giant cockroaches
  5 goblins
  7 hobgoblins
  6 jackals
  5 quokkas
  2 ball pythons (D:3)
  A ball python skeleton (D:4)
  7 frilled lizards
  A jackal zombie (D:4)
  14 kobolds
  3 rats
118 creatures vanquished.

Vanquished Creatures (others)
  3 fungi (D:4)
  9 toadstools (D:4)
12 creatures vanquished.

Grand Total: 130 creatures vanquished

Notes
Turn   | Place    | Note
-------+----------+-------------------------------------------
     0 | D:1      | Delamore the Gargoyle Fighter began the quest for the Orb.
     0 | D:1      | Reached XP level 1. HP: 14/14 MP: 1/1
   160 | D:1      | Reached XP level 2. HP: 17/19 MP: 2/2
   232 | D:1      | Reached skill level 3 in Maces & Flails
   519 | D:2      | Reached XP level 3. HP: 23/23 MP: 3/3
  1096 | D:2      | Reached skill level 4 in Maces & Flails
  1617 | D:3      | Reached XP level 4. HP: 27/28 MP: 4/4
  1862 | D:3      | Found a hazy altar of Hepliaklqana.
  2139 | D:3      | Reached skill level 5 in Maces & Flails
  2159 | D:3      | Reached XP level 5. HP: 32/32 MP: 5/5
  2720 | D:4      | Found an opulent altar of Gozag.
  2733 | D:4      | Reached skill level 6 in Maces & Flails
  2738 | D:4      | Reached XP level 6. HP: 24/37 MP: 6/6
  2802 | D:4      | Found a runed translucent door.
  2803 | D:4      | Noticed a human
  2946 | D:4      | Found a basalt altar of Yredelemnul.
  3002 | D:4      | Killed a human
  3002 | D:4      | Reached skill level 7 in Maces & Flails
  3075 | D:4      | Reached XP level 7. HP: 36/41 MP: 7/7
  3326 | D:4      | Reached skill level 8 in Maces & Flails
  4075 | D:5      | Entered Level 5 of the Dungeon
  4116 | D:5      | Reached skill level 9 in Maces & Flails
  4116 | D:5      | Reached XP level 8. HP: 37/46 MP: 8/8
  4177 | D:5      | Noticed Menkaure
  4179 | D:5      | Found a sacrificial altar of Ru.
  4450 | D:5      | Slain by Menkaure

Illustrated notes

Levels and vault maps discovered:
D:1:      dpeg_arrival_round_b, layout_rooms
D:2:      layout_basic, due_unseen_surprise
D:3:      layout_basic, lemuel_doored_altar, first_ration
D:4:      cheibrodos_fertilizer, layout_basic, nicolae_overflow_crystal_walls,
          dk_yredelemnul_ordeal
D:5:      layout_loops_cross, nicolae_ru_awakened_eye,
          nemelex_xobeh_ov_fountains_minmay, uniq_menkaure, uniq_duvessa

Skill      XL: |  1  2  3  4  5  6  7 |
---------------+----------------------+-----
Maces & Flails | 3 4 5 6 7 9 |  9.3
Fighting       | |  3.2
Armour         | |  3.2
Shields        | |  3.2

Action                   |  1- 3 |  4- 6 |  7- 9 || total
-------------------------+-------+-------+-------++-------
Melee: Flail             |   206 |    93 |       ||   299
       Mace              |       |   102 |   122 ||   224
  Use: Scroll            |     1 |       |       ||     1
  Eat: Chunk             |     2 |     6 |     3 ||    11
Armor: Scale mail        |   133 |    10 |       ||   143
       Chain mail        |       |   138 |    62 ||   200
Dodge: Dodged            |    71 |    53 |    15 ||   139
Block: Kite shield       |   135 |   126 |    51 ||   312
